Map: Nightshade LE

Players

unethicai

  • Race: Protoss Protoss
  • Spawn Location: 11:00

ViBE - Winner!

  • Race: Zerg Zerg
  • League: Bronze
  • Spawn Location: 5:00

VOD

https://www.youtube.com/watch?v=kuS_PgtyAP8&list=PLFeZeom2b4DmHduNHeFj-6PfoasuSQn3P&index=2

Description

Time

  • Played on: Dec. 4, 2019, 8:58 p.m.
  • Length: 11:18
Show
View Real Time Build Order
Export as new Build Order

unethicai Protoss 

Build Orders: Cannon Rush 

Get SALT Encoding   

  12  0:00  Probe  
  13  0:19  Pylon  
  13  0:21  Probe  
  14  0:41  Forge  
  14  0:45  Probe  
  14  0:49  Gateway  
  15  0:57  Probe  
  16  1:09  Probe  
  17  1:15  Pylon  
  17  1:35  Photon Cannon  
  17  1:36  Photon Cannon  
  17  1:44  Photon Cannon  
  17  1:53  Probe  
  18  1:56  Zealot (Chrono Boost)  
  18  1:57  Cybernetics Core  
  20  2:05  Probe  
  21  2:17  Pylon  
  21  2:21  Probe  
  22  2:31  Pylon  
  22  2:32  Assimilator  
  22  2:50  Probe  
  23  2:53  Nexus  
  23  3:02  Probe  
  23  3:04  Gateway  
  24  3:15  Probe  
  25  3:25  Gateway  
  25  3:27  Probe  
  26  3:28  Gateway  
  26  3:34  Assimilator  
  26  3:41  Warp Gate (Chrono Boost)  
  26  3:44  Protoss Ground Weapons Level 1 (Chrono Boost), Probe  
  27  4:06  Pylon  
  27  4:09  Probe  
  28  4:14  Probe  
  29  4:21  Probe  
  29  4:22  Pylon  
  30  4:26  Probe  
  31  4:33  Probe, Photon Cannon  
  31  4:35  Photon Cannon  
  32  4:38  Probe  
  32  4:42  Photon Cannon  
  33  4:46  Probe  
  33  4:51  Probe  
  35  5:08  Assimilator  
  35  5:10  Probe, Robotics Facility  
  35  5:11  Probe  
  37  5:19  Nexus  
  37  5:23  Probe x2  
  39  5:35  Probe x2  
  41  5:43  Pylon  
  41  5:46  Pylon, Stalker x3  
  41  5:47  Stalker, Probe x2  
  51  6:00  Observer  
  52  6:40  Stalker  
  52  6:41  Stalker x3  
  60  6:50  Probe x2  
  60  7:02  Probe x2  
  58  7:14  Probe x2  
  58  7:15  Zealot x2  
  58  7:16  Zealot x2  
  58  7:18  Protoss Shields Level 1  
  58  7:22  Twilight Council  
  58  7:26  Probe x3  
  61  7:38  Probe x3  
  61  7:40  Gateway  
  61  7:42  Gateway  
  65  7:44  Observer, Gateway  
  65  7:47  Gateway, Photon Cannon  
  65  7:50  Photon Cannon, Probe x2, Gateway x2  
  67  7:52  Photon Cannon  
  67  7:53  Stalker x2  
  67  7:54  Stalker x2, Photon Cannon  
  75  8:03  Charge (Chrono Boost)  
  75  8:12  Forge  
  75  8:13  Pylon, Probe x3  
  75  8:16  Pylon  
  78  8:25  Probe x3  
  81  8:27  Stalker x3  
  81  8:28  Stalker  
  89  8:39  Stalker  
  91  8:42  Assimilator  
  91  8:43  Assimilator  
  91  8:46  Assimilator  
  91  8:47  Zealot x5  
  93  9:14  Zealot x5  
  93  9:15  Zealot x5  
  107  9:40  Zealot  
  107  9:44  Pylon  
  109  9:46  Pylon  
  109  9:48  Pylon  
  109  9:50  Pylon  
  109  10:05  Zealot x2  
  109  10:06  Zealot x5  
  109  10:07  Zealot  
Show
View Real Time Build Order
Export as new Build Order

ViBE Zerg - Winner!

Build Orders: Hatch First 

Get SALT Encoding   

  12  0:00  Drone  
  13  0:12  Overlord  
  13  0:16  Drone  
  14  0:31  Drone x2  
  16  0:37  Drone  
  17  0:53  Hatchery  
  16  0:58  Drone  
  16  1:02  Drone  
  18  1:10  Drone  
  19  1:17  Spawning Pool  
  18  1:24  Drone  
  19  1:29  Drone  
  20  1:36  Extractor  
  19  1:46  Drone  
  20  1:50  Drone  
  21  2:03  Drone  
  22  2:17  Drone  
  22  2:18  Drone x2, Hatchery  
  24  2:27  Hatchery, Queen  
  25  2:34  Drone x2  
  27  2:39  Overlord  
  27  2:46  Overlord  
  27  2:59  Drone x2  
  29  3:06  Drone, Lair  
  30  3:32  Drone x3  
  30  3:33  Queen  
  35  3:40  Drone x4  
  39  3:42  Drone  
  40  4:01  Overlord  
  40  4:02  Drone x2  
  42  4:03  Drone x3  
  42  4:08  Hydralisk Den  
  44  4:11  Drone  
  44  4:14  Queen  
  44  4:17  Overlord  
  47  4:28  Drone x6  
  53  4:33  Hatchery  
  53  4:34  Extractor  
  51  4:46  Drone  
  51  4:47  Drone x7  
  59  4:55  Drone x3  
  62  5:03  Extractor  
  62  5:04  Extractor  
  60  5:26  Grooved Spines  
  60  5:27  Evolution Chamber  
  59  5:29  Drone x7  
  59  5:30  Overlord x6  
  66  5:43  Extractor  
  66  5:44  Extractor  
  66  5:45  Drone x5  
  66  5:47  Drone  
  70  5:53  Drone  
  70  5:54  Drone  
  70  5:57  Drone x9  
  82  6:04  Drone x3  
  84  6:17  Hatchery, Hydralisk x5  
  91  6:30  Hydralisk x9  
  91  6:31  Hydralisk  
  107  6:37  Muscular Augments  
  103  6:44  Hydralisk x6  
  103  6:45  Hydralisk  
  112  6:48  Overlord  
  112  6:52  Hydralisk x2  
  111  7:01  Hydralisk  
  100  7:17  Drone  
  100  7:18  Drone x11  
  108  7:25  Zerg Missile Weapons Level 1  
  108  7:27  Drone  
  108  7:28  Drone x2  
  111  7:35  Queen  
  113  7:40  Drone  
  113  7:41  Drone x8  
  122  7:53  Hydralisk x2  
  122  7:55  Overlord x3  
  126  8:01  Infestation Pit  
  126  8:03  Drone  
  126  8:06  Overlord x2  
  126  8:07  Overlord x2  
  126  8:13  Hydralisk  
  126  8:14  Hydralisk x8  
  144  8:30  Hydralisk x6  
  156  8:35  Hydralisk x5  
  156  8:40  Hive  
  166  8:41  Overlord x3  
  164  8:51  Hydralisk x5  
  164  8:54  Hydralisk  
  176  8:57  Hydralisk  
  176  9:01  Hydralisk  
  172  9:03  Hydralisk  
  172  9:06  Hydralisk  
  169  9:10  Extractor x2  
  169  9:11  Drone x2  
  169  9:12  Drone x3  
  169  9:13  Drone  
  169  9:14  Drone  
  169  9:15  Hydralisk x2  
  176  9:23  Hydralisk  
  176  9:24  Hydralisk x2  
  176  9:28  Hydralisk x2  
  194  9:31  Hydralisk  
  194  9:34  Hydralisk  
  194  9:37  Hydralisk  
  198  9:45  Hydralisk  
  198  9:46  Hydralisk  
  198  9:48  Hydralisk x2  
  198  9:51  Hydralisk  
  172  11:00  Hatchery  
Tags
 
Add a new tag
Caveats
  • Supply blocks, unpowered buildings, or Contaminate may cause inaccurate times.
  • Supply counts are checked every 10 seconds.